[Event "Team 45 45 League T75"]
[Site "Internet Chess Club"]
[Date "2018.01.20"]
[Round "4"]
[White "Mitochondria"]
[Black "ILRE"]
[Result "0-1"]
[WhiteElo "1484"]
[BlackElo "1624"]
[Opening "Dutch defense"]
[ECO "A40"]
[Time "18:02:08"]
[TimeControl "2700+45"]

1. d4 e6 2. c4 f5 3. Nf3 Nf6 4. Bg5 Bb4+ 5. Nc3 h6 6. Bxf6 Qxf6 7. Qc2 O-O 8. e3
b6 9. Be2 Bb7 10. O-O Bxc3 11. Qxc3 d6 12. Rac1 Nd7 13. Rfd1 a5 14. Ne1 Qe7 15.
Bf3 Bxf3 16. Nxf3 Nf6 17. Qa3 Ne4 18. Ne5 Qh4 19. g3 Qh5 20. Nc6 Qf3 21. d5 Nxf2
22. Kf1 Nxd1+ 23. Ke1 Qxe3+ 24. Kxd1 Qxa3 25. bxa3 e5 26. Kd2 Rae8 27. Rf1 g5
28. Kd3 Rf7 29. g4 fxg4 30. Rxf7 Kxf7 {White resigns} 0-1

[Event "Team 45 45 League T75"]
[Site "Internet Chess Club"]
[Date "2018.01.12"]
[Round "4"]
[White "MartyJR"]
[Black "bmw2002"]
[Result "0-1"]
[WhiteElo "1471"]
[BlackElo "1486"]
[Opening "Queen's pawn: London system"]
[ECO "A45"]
[Time "21:07:35"]
[TimeControl "2700+45"]

1. d4 Nf6 2. Bf4 g6 3. e3 Bg7 4. Nf3 c5 5. c3 Nc6 6. h3 O-O 7. Be2 cxd4 8. exd4
d6 9. O-O Nd5 10. Bg3 e5 11. dxe5 dxe5 12. Nbd2 Bf5 13. Nc4 Re8 14. Re1 b5 15.
Ncd2 a6 16. Bf1 e4 17. Nh4 Qg5 18. Nxf5 gxf5 19. Nb3 Rad8 20. Qc2 e3 21. Rad1
exf2+ 22. Bxf2 Ne5 23. Nd2 Nf4 24. Kh1 Rd6 25. Nb3 Rg6 26. Be3 Qg3 27. Bxf4 Qxf4
28. Qd2 Qg3 29. Qe3 Qg5 30. Qxg5 Rxg5 31. Nd4 Re7 32. Re2 f4 33. Nf3 Rf5 34.
Rd8+ Bf8 35. Nd4 Rg5 36. Nb3 f3 37. gxf3 Nxf3 38. Rg2 Re1 39. Rxg5+ Nxg5 40. Kg2
Nxh3 41. Kxh3 Rxf1 42. Nc5 Kg7 43. Nxa6 Rf2 44. Nb4 Rxb2 45. Rd4 h6 46. Rg4+ Kf6
47. Nd5+ Ke6 48. Nf4+ Kf5 49. Kg3 Bd6 50. Rh4 Ke4 51. Rg4 Rc2 52. c4 Rc3+ 53.
Kh4 Bxf4 54. cxb5 Rc2 55. a4 Rh2# {White checkmated} 0-1

[Event "Team 45 45 League T75"]
[Site "Internet Chess Club"]
[Date "2018.01.13"]
[Round "4"]
[White "BrerRabbit"]
[Black "BrianWood"]
[Result "1/2-1/2"]
[WhiteElo "1394"]
[BlackElo "1562"]
[Opening "Queen's pawn, Mason variation"]
[ECO "D00"]
[Time "19:02:04"]
[TimeControl "2700+45"]

1. d4 d5 2. Bf4 Nf6 3. e3 c5 4. c3 Nc6 5. Nd2 Qb6 6. Qb3 c4 7. Qc2 Bf5 8. Qxf5
Qxb2 9. Qb1 Qxc3 10. Qc1 Qxc1+ 11. Rxc1 e6 12. Ne2 Bb4 13. Nc3 Ba3 14. Rb1 Bb4
15. Rc1 Ba3 {Game drawn by mutual agreement} 1/2-1/2

[Event "Team 45 45 League T75"]
[Site "Internet Chess Club"]
[Date "2018.01.15"]
[Round "4"]
[White "guyd52"]
[Black "WzeroMN"]
[Result "1-0"]
[WhiteElo "1312"]
[BlackElo "1181"]
[Opening "Réti: King's Indian attack (Barcza system)"]
[ECO "A07"]
[Time "15:01:11"]
[TimeControl "2700+45"]

1. Nf3 d5 2. g3 Bg4 3. Bg2 Nf6 4. d3 Bxf3 5. Bxf3 e6 6. Nd2 Bc5 7. O-O O-O 8. e4
dxe4 9. Nxe4 Nxe4 10. Bxe4 c6 11. Qh5 f5 12. Bg2 Qf6 13. c3 Qg6 14. Qe2 Nd7 15.
Bf4 Rae8 16. d4 Bb6 17. Bf3 a6 18. Bh5 Qf6 19. Bxe8 Rxe8 20. h4 h6 21. Rae1 Nf8
22. Be5 Qg6 23. Qc4 Qg4 24. Kg2 Ng6 25. Kh2 f4 26. Qe2 fxg3+ 27. fxg3 Qxe2+ 28.
Rxe2 Rf8 29. Rxf8+ Kxf8 30. Bd6+ Kf7 31. Rf2+ Kg8 32. h5 Nf8 33. Rxf8+ Kh7 34.
Rb8 Ba7 35. Rxb7 {Black resigns} 1-0

[Event "Team 45 45 League T75"]
[Site "Internet Chess Club"]
[Date "2018.01.13"]
[Round "4"]
[White "primerpaso"]
[Black "Packerfan"]
[Result "1-0"]
[WhiteElo "1861"]
[BlackElo "1760"]
[Opening "English: Carls' Bremen system"]
[ECO "A22"]
[Time "10:05:15"]
[TimeControl "2700+45"]

1. c4 Nf6 2. Nc3 e5 3. g3 Nc6 4. Bg2 Bc5 5. e3 O-O 6. Nge2 d6 7. O-O Bg4 8. h3
Bf5 9. d4 exd4 10. exd4 Bb6 11. g4 Bg6 12. Bg5 h6 13. Bh4 Qd7 14. Bxf6 gxf6 15.
Qd2 Kg7 16. Nd5 f5 17. c5 Ba5 18. Qf4 dxc5 19. dxc5 f6 20. b4 Rae8 21. Ng3 fxg4
22. hxg4 Nxb4 23. Nxb4 Qb5 24. Nd5 Qxc5 25. Rac1 Qd6 26. Qa4 Bb6 27. Nxb6 Qxb6
28. Rfd1 Rd8 29. Rxd8 Rxd8 30. Qf4 c6 31. Re1 Rd7 32. Nf5+ Bxf5 33. Qxf5 Qd4 34.
Be4 Kf8 35. Re3 Qa1+ 36. Kg2 Re7 37. Qc5 Qxa2 38. Qxe7+ Kxe7 39. Bd5+ {Black
resigns} 1-0

[Event "Team 45 45 League T75"]
[Site "Internet Chess Club"]
[Date "2018.01.16"]
[Round "4"]
[White "kutch"]
[Black "andrew37"]
[Result "0-1"]
[WhiteElo "1565"]
[BlackElo "1685"]
[Opening "Nimzo-Indian: classical variation"]
[ECO "E32"]
[Time "20:04:25"]
[TimeControl "2700+45"]

1. d4 Nf6 2. c4 e6 3. Nc3 Bb4 4. Qc2 O-O 5. a3 Be7 6. e4 d6 7. Nf3 b6 8. Bg5 Bb7
9. O-O-O Nfd7 10. h4 a5 11. Bd3 f6 12. Be3 Na6 13. Rh3 c5 14. g4 Bc8 15. e5 fxe5
16. dxe5 Rxf3 17. Rxf3 Nxe5 18. Bxh7+ Kh8 19. Rf4 Bb7 20. g5 Bf3 21. Rd2 Nb4 22.
axb4 axb4 23. Nb1 b3 24. Qxb3 Kxh7 25. Qc3 Bh5 26. b3 Ra5 27. b4 cxb4 28. Qxb4
Qa8 29. Qxb6 Ra1 30. Qb3 Bg6 31. h5 Bxb1 32. Qxb1+ {White resigns} 0-1

[Event "Team 45 45 League T75"]
[Site "Internet Chess Club"]
[Date "2018.01.11"]
[Round "4"]
[White "QuieroAprender"]
[Black "tryanything"]
[Result "1/2-1/2"]
[WhiteElo "1559"]
[BlackElo "1538"]
[Opening "two knights defense: Fritz variation"]
[ECO "C57"]
[Time "18:17:12"]
[TimeControl "2700+45"]

1. e4 e5 2. Nf3 Nc6 3. Bc4 Nf6 4. Ng5 d5 5. exd5 Nd4 6. O-O b5 7. Bb3 Nxb3 8.
axb3 Bd6 9. c4 bxc4 10. bxc4 O-O 11. d3 Re8 12. Ne4 Nxe4 13. dxe4 f5 14. f3 fxe4
15. fxe4 Qh4 16. Qe2 Bd7 17. Nc3 Bc5+ 18. Kh1 Bg4 19. Qe1 Qxe1 20. Rxe1 a6 21.
Be3 Bb4 22. Bd2 Rf8 23. Kg1 a5 24. Rf1 Rf7 25. h3 Bd7 26. Rxf7 Kxf7 27. Rf1+ Ke7
28. Bg5+ Ke8 29. Rf3 Bxc3 30. Rxc3 Rb8 31. b3 a4 32. bxa4 Bxa4 33. c5 Rb4 34.
Kf2 Rxe4 35. Re3 Rxe3 36. Kxe3 Bc2 37. Bh4 Kd7 38. Bg3 e4 39. Kd4 c6 40. Be5 g6
41. Bf4 Bd3 42. g4 Bb1 43. h4 h5 44. g5 cxd5 45. Kxd5 Kc8 46. Ke6 e3 47. Bxe3
Bc2 {Game drawn by mutual agreement} 1/2-1/2

[Event "Team 45 45 League T75"]
[Site "Internet Chess Club"]
[Date "2018.01.16"]
[Round "4"]
[White "clarinetref"]
[Black "Ludlow"]
[Result "1-0"]
[WhiteElo "1491"]
[BlackElo "1361"]
[Opening "Caro-Kann: exchange variation"]
[ECO "B13"]
[Time "12:00:54"]
[TimeControl "2700+45"]

1. e4 c6 2. d4 d5 3. exd5 cxd5 4. Nf3 Bf5 5. c3 Nd7 6. Qb3 Nb6 7. a4 a5 8. Na3
Bd7 9. Bf4 Nf6 10. Nb5 Bxb5 11. Bxb5+ Nbd7 12. Ne5 e6 13. Bxd7+ Nxd7 14. Qb5 f6
15. Nd3 b6 16. O-O Rc8 17. Rfe1 Kf7 18. Bg3 Be7 19. Nf4 e5 20. Qxd5+ Ke8 21. Ne6
{Black resigns} 1-0

[Event "Team 45 45 League T75"]
[Site "Internet Chess Club"]
[Date "2018.01.14"]
[Round "4"]
[White "justice02"]
[Black "Fianchettoed"]
[Result "1/2-1/2"]
[WhiteElo "1630"]
[BlackElo "1772"]
[Opening "English: symmetrical, main line with d3"]
[ECO "A38"]
[Time "10:00:25"]
[TimeControl "2700+45"]

1. Nf3 Nf6 2. c4 g6 3. g3 Bg7 4. Bg2 O-O 5. O-O c5 6. Nc3 Nc6 7. d3 d6 8. Re1 a6
9. Ng5 Rb8 10. Rb1 Bd7 11. a3 b5 12. cxb5 axb5 13. b4 cxb4 14. axb4 Nd4 15. Bb2
Qb6 16. e3 Ne6 17. Nxe6 Bxe6 18. Qd2 Rfc8 19. Rec1 Rc7 20. Ne2 Rbc8 21. Bd4
Rxc1+ 22. Rxc1 Rxc1+ 23. Qxc1 Qb8 24. Qc6 Bd7 25. Qa6 Ng4 26. Ba7 Qc7 27. Qb7
Qxb7 28. Bxb7 Ne5 29. Nc1 Nc6 30. Bxc6 Bxc6 31. d4 Bd5 32. Kf1 Kf8 33. Ke1 Ke8
34. Kd2 Kd7 35. Bb6 Kc6 36. Ba5 Bc4 37. Ne2 Bxe2 38. Kxe2 Kd5 39. Kd3 e5 40.
dxe5 dxe5 41. f3 Bf8 42. e4+ Kc6 43. Ke3 Bd6 44. f4 f5 45. h3 exf4+ 46. gxf4
fxe4 47. Kxe4 h5 48. f5 g5 49. f6 g4 50. hxg4 hxg4 51. Kd4 g3 52. Ke3 Kd7 53.
Kf3 Ke8 54. Bb6 Kf7 55. Bd4 Bc7 56. Ke4 Bd8 57. Kd5 g2 58. Kc5 Bxf6 59. Bg1 Be7+
60. Kxb5 Bxb4 61. Kxb4 Kf6 62. Kc3 Kf5 63. Kd2 Kf4 64. Ke2 Kg3 65. Ke3 Kg4 66.
Kf2 {Game drawn by mutual agreement} 1/2-1/2

[Event "Team 45 45 League T75"]
[Site "Internet Chess Club"]
[Date "2018.01.13"]
[Round "4"]
[White "GoIrish"]
[Black "pokerram"]
[Result "0-1"]
[WhiteElo "1448"]
[BlackElo "1522"]
[Opening "Réti: King's Indian attack"]
[ECO "A05"]
[Time "14:05:10"]
[TimeControl "2700+45"]

1. Nf3 Nf6 2. g3 g6 3. Bg2 Bg7 4. O-O O-O 5. d3 d5 6. Nbd2 Nbd7 7. c4 c6 8. Rb1
Re8 9. b4 e5 10. Bb2 d4 11. e3 dxe3 12. fxe3 e4 13. dxe4 Nxe4 14. Bxg7 Nxd2 15.
Nxd2 Kxg7 16. Qf3 Ne5 17. Qf2 Bf5 18. e4 Be6 19. Rbd1 Qe7 20. Qe2 Qxb4 21. Rb1
Qe7 22. Rb2 b6 23. Rc1 Rad8 24. Rb3 Rd7 25. Nf3 f6 26. Nxe5 fxe5 27. Rbc3 Red8
28. R3c2 Rd4 29. c5 b5 30. Ra1 Bc4 31. Qe1 Qxc5 32. Kh1 Qd6 33. a3 Rd1 34. Rxd1
Qxd1 35. Rc1 Qxe1+ 36. Rxe1 Bd3 37. Rc1 Rd6 38. Kg1 Bc4 39. Bf1 Bxf1 40. Kxf1
Kf7 41. Ke2 Ke7 42. g4 g5 43. Rc5 Ke6 44. Ke3 a5 45. Ke2 Kf6 46. Ke3 a4 47. Ke2
Kg6 48. Ke3 Re6 49. h3 Kf7 50. Ke2 Ke7 51. Ke3 Kd6 52. Rc2 Rh6 53. Rh2 c5 54.
Rd2+ Ke6 55. Rd5 Rxh3+ 56. Kd2 Rxa3 57. Rxc5 b4 58. Rc7 Rg3 59. Rxh7 Rxg4 60.
Rh6+ Kf7 61. Kd3 Rg3+ 62. Kc4 b3 63. Rb6 Rg2 {White resigns} 0-1

[Event "Team 45 45 League T75"]
[Site "Internet Chess Club"]
[Date "2018.01.14"]
[Round "4"]
[White "anishio"]
[Black "bmw2002"]
[Result "1-0"]
[WhiteElo "1655"]
[BlackElo "1477"]
[Opening "Caro-Kann: advance variation"]
[ECO "B12"]
[Time "21:03:44"]
[TimeControl "2700+45"]

1. e4 c6 2. d4 d5 3. e5 Bf5 4. Nf3 e6 5. Be2 c5 6. Be3 Nc6 7. c3 cxd4 8. Bxd4
Nge7 9. Nh4 h6 10. f4 Bh7 11. O-O Nf5 12. Nxf5 Bxf5 13. Bf2 g5 14. fxg5 Qxg5 15.
Bb5 Be4 16. Bg3 Bc5+ 17. Kh1 h5 18. Nd2 Bxg2+ 19. Kxg2 h4 20. Nf3 Qg6 21. Qd3
Qg7 22. Nd4 hxg3 23. Qxg3 Qh7 24. Kh1 Bxd4 25. cxd4 Qe4+ 26. Qf3 Qxf3+ 27. Rxf3
Ke7 28. Bxc6 bxc6 29. Rc1 Rac8 30. b4 Rhf8 31. Ra3 Rc7 32. b5 f5 33. Rxc6 Rb7
34. Rb3 Kd7 35. a4 Rg8 36. Rh3 Rg7 37. Rd6+ Ke7 38. Rh6 Rc7 39. Rhxe6+ Kf7 40.
Rc6 Rb7 41. Rf6+ Ke7 42. Rg6 Rh7 43. Kg2 Kf8 44. Rcf6+ Ke7 45. Rxf5 Rc7 46. Rc6
Rxc6 47. bxc6 Rh4 48. c7 Kd7 49. e6+ Kxc7 50. e7 Re4 51. Re5 Rxe5 52. dxe5 Kd7
53. Kf3 Kxe7 54. Ke3 Kf7 55. Kd4 Ke6 56. h4 a6 57. a5 {Black resigns} 1-0

[Event "Team 45 45 League T75"]
[Site "Internet Chess Club"]
[Date "2018.01.13"]
[Round "4"]
[White "ascoli"]
[Black "calsal"]
[Result "1-0"]
[WhiteElo "1731"]
[BlackElo "1698"]
[Opening "English opening"]
[ECO "A16"]
[Time "08:17:31"]
[TimeControl "2700+45"]

1. c4 Nf6 2. Nc3 g6 3. g3 Bg7 4. Bg2 O-O 5. b4 d6 6. Rb1 e5 7. d3 Na6 8. e3 Qe7
9. Nge2 Nd7 10. O-O f5 11. Nd5 Qd8 12. f4 Rb8 13. b5 Nac5 14. Ba3 Re8 15. d4
exd4 16. exd4 Ne4 17. Nec3 Ndf6 18. Re1 Nxd5 19. Nxe4 Nb6 20. Ng5 Rxe1+ 21. Qxe1
Bxd4+ 22. Kh1 Bd7 23. Ne6 Qf6 24. Nxc7 Kg7 25. Nd5 Nxd5 26. Bxd5 Re8 27. Qd1 b6
28. Bxd6 Qxd6 29. Qxd4+ Kh6 30. Qf2 Be6 31. Rd1 Qe7 32. Qg2 Qc5 33. Qh3+ Kg7 34.
Qf1 Bc8 35. Re1 Rd8 36. Qe2 Rd7 37. Bc6 Rf7 38. Qe5+ Qxe5 39. Rxe5 Rf6 40. Bd5
Kf8 41. Kg2 a5 42. a4 Rd6 43. Kf3 Rd7 44. Ke3 Rc7 45. Kd4 Bd7 46. Bf3 Rc8 47. c5
Rd8 48. Kc4 bxc5 49. Kxc5 Rc8+ 50. Bc6 Kf7 51. Kd6 Bxc6 52. bxc6 Rd8+ 53. Kc5
Rc8 54. Kb6 Kf6 55. c7 {Black resigns} 1-0

[Event "Team 45 45 League T75"]
[Site "Internet Chess Club"]
[Date "2018.01.12"]
[Round "4"]
[White "SirIvanhoe"]
[Black "zethhon"]
[Result "0-1"]
[WhiteElo "1537"]
[BlackElo "1399"]
[Opening "Sicilian defense"]
[ECO "B40"]
[Time "19:00:40"]
[TimeControl "2700+45"]

1. e4 c5 2. Nf3 e6 3. d3 a6 4. g3 b5 5. Bg2 Nf6 6. O-O Be7 7. e5 Nd5 8. c3 d6 9.
Re1 Nc6 10. c4 Nb6 11. b3 O-O 12. Bf4 Bb7 13. exd6 Bxd6 14. Ne5 Qc7 15. Bxc6
Bxc6 16. Qg4 Kh8 17. Nc3 b4 18. Nb1 Bb7 19. Nd2 Rad8 20. Rad1 f6 21. Ng6+ hxg6
22. Bxd6 Qxd6 23. Rxe6 Qxd3 24. Rxb6 Bf3 25. Qh3+ Kg8 26. Qe6+ Rf7 27. Nxf3
Qxd1+ 28. Kg2 Kf8 29. Rxa6 Re7 30. Qc6 Re2 31. Qxc5+ Kg8 32. Qxb4 Qc2 33. Qb6
Rd1 34. Ra8+ Kh7 35. Qb8 Rxf2+ 36. Kh3 Qf5+ 37. g4 Qxf3+ 38. Qg3 Rxh2+ {White
resigns} 0-1

[Event "Team 45 45 League T75"]
[Site "Internet Chess Club"]
[Date "2018.01.15"]
[Round "4"]
[White "mambo99"]
[Black "Chess4Him"]
[Result "1-0"]
[WhiteElo "1503"]
[BlackElo "1519"]
[Opening "Robatsch defense: Geller's system"]
[ECO "B06"]
[Time "16:28:15"]
[TimeControl "2700+45"]

1. e4 g6 2. d4 Bg7 3. Nf3 d6 4. c3 Nd7 5. Be3 Ngf6 6. Bd3 b6 7. Nbd2 Ng4 8. Bf4
e5 9. Bg3 Qe7 10. h3 Ngf6 11. dxe5 dxe5 12. Qc2 Bb7 13. O-O-O O-O 14. Rhe1 Nh5
15. Bh2 Rad8 16. Nc4 f6 17. Ne3 Nc5 18. Bc4+ Kh8 19. Nd5 Bxd5 20. Bxd5 Rd6 21.
Bc4 Rfd8 22. Rxd6 Rxd6 23. b4 Ne6 24. Rd1 Bh6+ 25. Kb1 Nhf4 26. Rxd6 Qxd6 27.
Bxe6 Nxe6 28. g3 Qc6 29. Ne1 a5 30. f3 Qb5 31. a3 axb4 32. axb4 c5 33. Nd3 Bf8
34. Qb3 c4 35. Qa2 Qc6 36. Nb2 b5 37. h4 Nc7 38. Nd1 Qd6 39. Qc2 Qd3 40. Qxd3
cxd3 41. Ne3 Bh6 42. Nd5 Ne8 43. Bg1 d2 44. Kc2 Kg7 45. Be3 Bxe3 46. Nxe3 Nd6
47. Kxd2 Kf7 48. Kd3 Ke6 49. Nd5 h5 50. Nc7+ Kd7 51. Nd5 Ke6 52. Ne3 f5 53.
exf5+ gxf5 54. c4 e4+ 55. fxe4 fxe4+ 56. Kd4 bxc4 57. Nxc4 Nf5+ 58. Kxe4 Nxg3+
59. Kf4 Nf5 60. Kg5 Ng3 61. Ne3 Ke5 62. b5 Kd6 63. Nf5+ Nxf5 64. Kxf5 Kc5 65.
Kg5 Kxb5 {Black resigns} 1-0

[Event "Team 45 45 League T75"]
[Site "Internet Chess Club"]
[Date "2018.01.13"]
[Round "4"]
[White "UrsaMajor"]
[Black "g8wrb"]
[Result "1/2-1/2"]
[WhiteElo "1496"]
[BlackElo "1359"]
[Opening "French: exchange variation"]
[ECO "C01"]
[Time "09:03:51"]
[TimeControl "2700+45"]

1. e4 e6 2. d4 d5 3. exd5 exd5 4. Nf3 Bd6 5. Bd3 Nf6 6. O-O O-O 7. b3 Bg4 8.
Nbd2 Re8 9. Re1 Nbd7 10. h3 Bh5 11. Rxe8+ Qxe8 12. c4 c6 13. Qc2 Bb4 14. a3 Bd6
15. Bb2 h6 16. Re1 Qb8 17. g4 Nxg4 18. hxg4 Bxg4 19. Ne5 Nf6 20. Ndf3 Qc7 21. c5
Bxe5 22. Nxe5 Re8 23. Bc3 Be6 24. Bd2 Nd7 25. Bf5 Nf6 26. Bxe6 Rxe6 27. Qd1 Ne4
28. Kg2 Qe7 29. f3 Nxd2 30. Qxd2 f6 31. Ng6 Qf7 32. Rxe6 Qxe6 33. Nf4 Qe7 34.
Qe2 Kf7 35. Qxe7+ Kxe7 36. b4 b6 37. Kg3 b5 38. Kg4 Kf7 39. Nd3 g6 40. f4 Ke6
41. Ne1 h5+ 42. Kg3 Kf5 43. Kf3 g5 44. fxg5 fxg5 45. Ng2 g4+ 46. Ke3 Kg5 47. Nf4
h4 48. Ne6+ Kf5 49. Ng7+ Kg5 50. Ne6+ Kf5 {Game drawn by mutual agreement}
1/2-1/2

[Event "Team 45 45 League T75"]
[Site "Internet Chess Club"]
[Date "2018.01.13"]
[Round "4"]
[White "rookbattery"]
[Black "LookImYourVader"]
[Result "0-1"]
[WhiteElo "1602"]
[BlackElo "1781"]
[Opening "Scandinavian: Marshall variation"]
[ECO "B01"]
[Time "16:31:05"]
[TimeControl "2700+45"]

1. e4 d5 2. exd5 Nf6 3. d4 Nxd5 4. c4 Nb6 5. Nc3 e5 6. dxe5 Qxd1+ 7. Kxd1 Be6 8.
b3 Nc6 9. Nf3 O-O-O+ 10. Bd2 Bb4 11. Kc1 Ba3+ 12. Kd1 Bb2 13. Rc1 Bxc1 14. Kxc1
h6 15. Ne4 Rhe8 16. c5 Nd7 17. Bb5 Bd5 18. Bxc6 Bxc6 19. Re1 Nxe5 20. Nxe5 Rxe5
21. f3 Bxe4 22. Rxe4 Rxe4 23. fxe4 Re8 {White resigns} 0-1

[Event "Team 45 45 League T75"]
[Site "Internet Chess Club"]
[Date "2018.01.12"]
[Round "4"]
[White "RonaldoR"]
[Black "RD1974"]
[Result "1-0"]
[WhiteElo "1557"]
[BlackElo "1616"]
[Opening "Scandinavian: Pytel-Wade variation"]
[ECO "B01"]
[Time "19:01:39"]
[TimeControl "2700+45"]

1. e4 d5 2. exd5 Qxd5 3. Nc3 Qd6 4. d4 Nf6 5. Nf3 Bg4 6. Be2 c6 7. h3 Bh5 8. O-O
Nbd7 9. Ne5 Bxe2 10. Qxe2 Qxd4 11. Nxd7 Qxd7 12. Rd1 Qc7 13. Bg5 e6 14. Bxf6
gxf6 15. Rd3 Be7 16. Rad1 Rd8 17. Rxd8+ Bxd8 18. Ne4 b6 19. Nd6+ Kf8 20. Qh5 h6
21. Nxf7 Qxf7 22. Rxd8+ Kg7 23. Qxf7+ Kxf7 24. Rxh8 {Black resigns} 1-0

[Event "Team 45 45 League T75"]
[Site "Internet Chess Club"]
[Date "2018.01.14"]
[Round "4"]
[White "Gojira"]
[Black "Chesstime2016"]
[Result "1-0"]
[WhiteElo "1625"]
[BlackElo "1432"]
[Opening "Queen's pawn, Mason variation"]
[ECO "D00"]
[Time "21:01:19"]
[TimeControl "2700+45"]

1. d4 d5 2. Bf4 e6 3. e3 Bd6 4. Bxd6 cxd6 5. Bd3 Nf6 6. Nd2 O-O 7. Ngf3 Nc6 8.
c3 e5 9. dxe5 dxe5 10. Bc2 e4 11. Nd4 Nxd4 12. exd4 Bg4 13. Qb1 Qe7 14. O-O e3
15. fxe3 Qxe3+ 16. Rf2 g6 17. Nf1 Qg5 18. Qc1 Qxc1 19. Rxc1 Ne4 20. Rf4 f5 21.
Ne3 g5 22. Rff1 Rad8 23. Nxg4 fxg4 24. Bxe4 dxe4 25. Rce1 Rfe8 26. Re3 Re7 27.
Rf5 h6 28. Rg3 e3 29. Kf1 Re4 30. Ke2 Rde8 31. Rf1 h5 32. h3 Rf4 33. hxg4 h4 34.
Rxf4 gxf4 35. Rh3 Re7 36. Rxh4 Rg7 37. Kf3 Rf7 38. g5 Kg7 39. Rh6 Rf5 40. Rf6
Rxf6 41. gxf6+ Kxf6 42. g3 fxg3 43. Kxg3 Kf5 44. Kf3 e2 45. Kxe2 Ke4 46. Kd2 b5
47. Kc2 a5 48. Kb3 Kd5 49. a4 b4 50. cxb4 axb4 51. Kxb4 Kxd4 52. Kb5 {Black
resigns} 1-0

[Event "Team 45 45 League T75"]
[Site "Internet Chess Club"]
[Date "2018.01.15"]
[Round "4"]
[White "MartyJR"]
[Black "Konstantinos"]
[Result "0-1"]
[WhiteElo "1462"]
[BlackElo "1656"]
[Opening "Queen's pawn, Mason variation"]
[ECO "D00"]
[Time "14:01:06"]
[TimeControl "2700+45"]

1. d4 d5 2. Bf4 Nf6 3. e3 a6 4. Nf3 Nc6 5. Nbd2 h6 6. h3 Bf5 7. Be2 Nb4 8. Bd3
Bxd3 9. cxd3 Nxd3+ 10. Kf1 Nxf4 11. exf4 e6 12. Ne5 Bd6 13. g3 c5 14. Nb3 cxd4
15. Nxd4 O-O 16. Kg2 Qb6 17. Nb3 Rfc8 18. Rc1 Qb4 19. Re1 Qa4 20. Re3 Rxc1 21.
Qxc1 Qxa2 22. Rc3 Rf8 23. Nd4 Qa4 24. Ndf3 Qb4 25. Nd3 Qb6 26. Nde5 Ne4 27. Rc2
Rd8 28. Nd3 Qb5 29. Nfe1 Nf6 30. Ne5 Bxe5 31. fxe5 Nd7 32. Nf3 Nb6 33. Nd2 Qe8
34. Rc7 Rc8 35. b3 Rxc7 36. Qxc7 Qc6 37. Qd8+ Kh7 38. Qe7 Qd7 39. Qc5 Nc8 40.
Qc2+ Kg8 41. Nf3 Ne7 42. Nd4 Nc6 43. Nf3 Qe7 44. Qd3 Qc5 45. Qd2 a5 46. Qa2 Qc3
47. Qa4 Qb4 48. Qa2 Qe4 49. Qa1 Qb4 50. Qa2 b6 51. Qc2 Qc5 52. Qb2 Na7 53. Qa2
Nc6 54. Qb2 d4 55. Qa2 Nxe5 56. Nxe5 Qxe5 57. Qc2 Qc5 58. Qd3 Qc3 59. Qe4 d3 60.
Qa8+ Kh7 61. Qe4+ g6 62. Qe3 Qxb3 63. Qf4 Qd5+ 64. Kf1 Qh1# {White checkmated}
0-1

[Event "Team 45 45 League T75"]
[Site "Internet Chess Club"]
[Date "2018.01.11"]
[Round "4"]
[White "idjit"]
[Black "fireball"]
[Result "0-1"]
[WhiteElo "1628"]
[BlackElo "1613"]
[Opening "French defense"]
[ECO "C11"]
[Time "19:21:45"]
[TimeControl "2700+45"]

1. e4 e6 2. d4 d5 3. Nc3 Nf6 4. exd5 exd5 5. Bf4 Bd6 6. Qd2 O-O 7. Nf3 Re8+ 8.
Be2 Ne4 9. Nxe4 Bxf4 10. Qxf4 Rxe4 11. Qd2 Qe8 12. Kf1 Nc6 13. Bd3 Re7 14. Re1
Bg4 15. Nh4 Rxe1+ 16. Qxe1 Qxe1+ 17. Kxe1 Nxd4 18. c3 Re8+ 19. Kd2 Nc6 20. Nf5
Na5 21. Ne3 Be6 22. f4 Rd8 23. Re1 Nc4+ 24. Kc2 Nxe3+ 25. Rxe3 g6 26. h3 d4 27.
Re5 dxc3 28. Kxc3 Bxa2 29. Ra5 Bd5 30. Rxa7 Bxg2 {White resigns} 0-1

[Event "Team 45 45 League T75"]
[Site "Internet Chess Club"]
[Date "2018.01.15"]
[Round "4"]
[White "Gilguli"]
[Black "stanbeers"]
[Result "1-0"]
[WhiteElo "1349"]
[BlackElo "1370"]
[Opening "Sicilian defense"]
[ECO "B20"]
[Time "16:01:14"]
[TimeControl "2700+45"]

1. e4 c5 2. a3 Nf6 3. Nc3 e6 4. e5 Nd5 5. Nxd5 exd5 6. Qf3 d4 7. Bc4 Qe7 8. Ne2
Nc6 9. d3 Nxe5 10. Qg3 Nxc4 11. dxc4 Qf6 12. O-O Bd6 13. Bf4 Be7 14. Be5 Qg6 15.
Qxg6 hxg6 16. Bxg7 Rg8 17. Be5 d6 18. Bg3 Be6 19. b3 Kd7 20. Nf4 Bf5 21. Rac1
Rge8 22. Nd5 Be6 23. Nf4 Bg5 24. Rcd1 Bxf4 25. Bxf4 Bf5 26. c3 Bc2 27. Rd2 Bxb3
28. cxd4 Bxc4 29. Rb1 cxd4 30. Rxd4 d5 31. Rxb7+ Kc6 32. Rc7+ Kb6 33. Rd1 Re4
34. Rb1+ Bb5 35. Rxf7 Rae8 36. g3 a6 37. Rf6+ Ka5 38. Rxg6 Rxf4 39. gxf4 Bd3 40.
Rbb6 Bxg6 41. Rxg6 Rd8 42. Kf1 Ka4 43. Rxa6+ Kb5 44. Ra7 Rf8 45. a4+ Kb6 46. Rd7
Kc6 47. Rg7 Rxf4 48. a5 Ra4 49. Rg6+ Kb5 50. a6 Rxa6 51. Rxa6 Kxa6 52. h4 Kb6
53. h5 Kc6 54. h6 Kd6 55. h7 {Black resigns} 1-0

[Event "Team 45 45 League T75"]
[Site "Internet Chess Club"]
[Date "2018.01.13"]
[Round "4"]
[White "kingsrook"]
[Black "bardu"]
[Result "1/2-1/2"]
[WhiteElo "1180"]
[BlackElo "1341"]
[Opening "Nimzo-Indian: classical variation"]
[ECO "E32"]
[Time "10:22:38"]
[TimeControl "2700+45"]

1. d4 Nf6 2. c4 e6 3. Nc3 Bb4 4. Qc2 O-O 5. e3 c5 6. Ne2 Nc6 7. a3 Bxc3+ 8. bxc3
b6 9. Ng3 Bb7 10. Bd3 Re8 11. O-O a6 12. a4 b5 13. Bd2 cxd4 14. cxd4 bxc4 15.
Bxc4 Na5 16. Bd3 Rc8 17. Qb1 Rb8 18. Qc2 Rc8 19. Qb1 Rb8 20. Qc2 Rc8 {Game drawn
by repetition} 1/2-1/2

[Event "Team 45 45 League T75"]
[Site "Internet Chess Club"]
[Date "2018.01.15"]
[Round "4"]
[White "Toalla"]
[Black "rhayder"]
[Result "1-0"]
[WhiteElo "1124"]
[BlackElo "1152"]
[Opening "King's Indian: fianchetto, Yugoslav, 7.O-O"]
[ECO "E65"]
[Time "13:01:17"]
[TimeControl "2700+45"]

1. d4 Nf6 2. c4 g6 3. Nf3 Bg7 4. g3 O-O 5. Bg2 d6 6. O-O c5 7. Nc3 cxd4 8. Nxd4
Nfd7 9. b3 Bxd4 10. Qxd4 Nc6 11. Qh4 e6 12. Qh6 Nde5 13. h3 Qf6 14. Bd2 Qg7 15.
Qxg7+ Kxg7 16. f4 Nd7 17. Nb5 d5 18. cxd5 exd5 19. Bxd5 a6 20. Bc3+ Kg8 21. Nd6
Nb6 22. Bg2 Rd8 23. Rfd1 Rb8 24. Bf6 Rd7 25. e4 Ne7 26. Rd2 Ned5 27. exd5 Rxd6
28. Be5 {Black resigns} 1-0

[Event "Team 45 45 League T75"]
[Site "Internet Chess Club"]
[Date "2018.01.13"]
[Round "4"]
[White "Chess0985"]
[Black "UrsaMajor"]
[Result "1-0"]
[WhiteElo "1631"]
[BlackElo "1485"]
[Opening "Caro-Kann: advance variation"]
[ECO "B12"]
[Time "14:11:17"]
[TimeControl "2700+45"]

1. e4 c6 2. d4 d5 3. e5 Bf5 4. Nf3 h6 5. Be2 e6 6. c3 Nd7 7. O-O c5 8. Nbd2 cxd4
9. cxd4 Ne7 10. Nb3 Nc6 11. Be3 a6 12. a3 Be7 13. Rc1 Rc8 14. Qd2 O-O 15. Rfd1
f6 16. exf6 Bxf6 17. Bf4 Qe8 18. Bd6 Be7 19. Bxe7 Qxe7 20. Nc5 Nf6 21. b4 Rc7
22. Nxb7 Nxd4 23. Nxd4 Rxb7 24. Nxf5 exf5 25. Bxa6 Ra7 26. Qd3 Rd8 27. b5 Qd6
28. Rc6 Qf4 29. g3 Qe4 30. b6 Qxd3 31. Bxd3 Rxa3 32. Bxf5 Rb3 33. Be6+ Kh7 34.
Bf5+ Kh8 35. Bc8 d4 36. b7 d3 37. Rcc1 Re8 38. Rb1 d2 39. Rxb3 Re1+ 40. Kg2 Rxd1
41. Be6 Rg1+ 42. Kh3 d1=Q 43. b8=Q+ Kh7 44. Bf5+ g6 45. Rb7+ Nd7 46. Rxd7+ Qxd7
47. Bxd7 h5 48. Be6 g5 49. Qf8 {Black forfeits on time} 1-0